Cogmind - Beta 16 @@@ ROGUE MODE // 2025.10.25 @ 14:09:53 Player: Zish Result: Core destroyed Performance ------------- Evolutions (2) 1000 Regions Visited (5) 1000 Robots Destroyed (49) 245 Value Destroyed (1502) 1502 Prototype IDs (4) 80 Alien Tech Used (0) 0 Bonus (114) 114 TOTAL SCORE: 3941 Bonus ------- Follower Combat Kills 114 Cogmind --------- Core Integrity 0/550 Matter 256/300 Energy 100/160 System Corruption 1% Temperature Critical (703) Movement Walking (190) Ox1 Location -8/Materials Parts ------- > --- POWER (2) -------- Light Nuclear Core > --- PROPULSION (4) --- Aluminum Leg > --- UTILITY (3) ------ Recalibrator > --- WEAPON (2) ------- Particle Gun Particle Gun > --- INVENTORY (5) ---- Improved Terrain Scan Processor Improved Medium Laser Improved Medium Laser Peak State ------------ > --- POWER ------------ Light Ion Engine > --- PROPULSION ------- Aluminum Leg Aluminum Leg > --- UTILITY ---------- Small Storage Unit Recalibrator Splice Drone Bay > --- WEAPON ----------- Assault Rifle EMP Blaster > --- INVENTORY -------- Aluminum Leg Aluminum Leg Flight Unit Flight Unit Flight Unit Flight Unit Flight Unit Improved Flight Unit [Rating: 19] Favorites ----------- Power Ion Engine Engine Ion Engine Power Core Nuclear Core Propulsion Aluminum Leg Leg Aluminum Leg Flight Unit Flight Unit Utility Small Storage Unit Device Splice Drone Bay Storage Small Storage Unit Protection Backup Plating I Weapon Grenade Launcher Energy Gun Particle Gun Energy Cannon Heavy Particle Cannon Ballistic Gun Assault Rifle Ballistic Cannon Light Cannon Launcher Grenade Launcher Special Weapon Mining Laser Build | -11 -10 -10 -9 -9 -8 ------- Run | Yrd Mat Min Mat Min Mat Slots Evolved 4 | . . . 2 . 2 Power 1 | . . . 1 . . Propulsion 2 | . . . . . 2 Utility 1 | . . . 1 . . Weapon . | . . . . . . Parts Attached 38 | 6 2 3 5 2 20 Power 8 | 1 . . 2 . 5 Engine 5 | 1 . . 2 . 2 Core 3 | . . . . . 3 Reactor . | . . . . . . Propulsion 10 | 2 . . . 2 6 Treads . | . . . . . . Leg 4 | 2 . . . . 2 Wheel . | . . . . . . Hover . | . . . . . . Flight 6 | . . . . 2 4 Utility 6 | 1 . 1 1 . 3 Device 4 | . . 1 1 . 2 Storage 1 | 1 . . . . . Processor . | . . . . . . Hackware . | . . . . . . Protection 1 | . . . . . 1 Artifact . | . . . . . . Weapon 14 | 2 2 2 2 . 6 Energy Gun 6 | 1 . . . . 5 Energy Cannon 1 | . . . . . 1 Ballistic Gun 2 | 1 . 1 . . . Ballistic Cannon 1 | . 1 . . . . Launcher 3 | . 1 . 2 . . Special Weapon 1 | . . 1 . . . Impact Weapon . | . . . . . . Slashing Weapon . | . . . . . . Piercing Weapon . | . . . . . . Special Melee Weapon . | . . . . . . Unidentified Prototypes 2 | . . 1 . 1 . Parts Lost 25 | . . . 9 2 14 Power 6 | . . . 2 1 3 Propulsion 8 | . . . 2 . 6 Utility 4 | . . . 2 . 2 Weapon 7 | . . . 3 1 3 Highest Loss Streak 7 | . . . 5 7 7 To Critical Strikes 1 | . . . . . 1 Average Backups 5 | 1 4 6 6 5 3 Power 1 | . 1 2 . 1 . Propulsion 2 | . 1 2 5 4 . Utility . | . . 1 . . 1 Weapon . | . 1 1 . . . Tool/Special . | . . . . . . Unused Backups 9 | 1 . . 3 . 5 Power 1 | . . . 1 . . Propulsion 4 | 1 . . 2 . 1 Utility 1 | . . . . . 1 Weapon 3 | . . . . . 3 Tool/Special . | . . . . . . Average Slot Usage (%) 86 | . 90 99 95 44 48 Engine 13 | . 14 14 18 5 2 Core 2 | . . . . . 9 Leg 20 | . 28 28 21 . 1 Flight 2 | . . . . 16 10 Device 11 | . . 8 21 . 5 Storage 10 | . 14 14 11 11 3 Protection 2 | . 4 5 . . 2 Energy Gun 2 | . 1 . . . 10 Ballistic Gun 5 | . 10 . 11 11 . Ballistic Cannon 4 | . 3 13 . . . Launcher 9 | . 12 14 10 . . Peak Build Rating 19 | 6 8 14 19 6 16 Average Rating 12 | 3 6 11 17 5 12 On Entrance 5 | . 6 7 13 4 5 Avg Prop Armor Cover (%) . | . . . . . . Naked Turns 5 | . . . . . 5 Heaviest Build 27 | 13 17 24 27 7 22 Greatest Support 20 | 20 20 20 20 9 20 Greatest Overweight (x) 7 | 1 . 1 7 1 7 Average Overweight (x) . | . . . 1 . 2 Largest Inventory Capacity 8 | 8 8 8 8 8 8 Average Capacity 7 | 6 8 8 8 8 6 Most Carried 8 | 4 7 8 8 6 5 Average Carried 5 | 1 4 6 6 5 3 Final Capacity 8 | 8 8 8 8 8 5 Final Carried 7 | 2 6 6 7 5 3 Class Distribution -------------------- 95% | Mutant 4% | Scavenger-Mutant Dominant Class ---------------- Mutant | -10/Materials Mutant | -10/Mines Mutant | -9/Materials Mutant | -9/Mines Mutant | -8/Materials Resources | -11 -10 -10 -9 -9 -8 ----------- Run | Yrd Mat Min Mat Min Mat Matter Collected 953 | 191 70 162 350 . 180 Remotely . | . . . . . . Salvage Created 1405 | . 207 76 352 . 770 Parts 82 | . 14 2 28 . 38 Haulers Intercepted . | . . . . . . Recyclers Shooed 3 | . 1 . 1 . 1 Parts Field Recycled . | . . . . . . Retrieved Matter . | . . . . . . Parts Self-Destructed . | . . . . . . Prevented . | . . . . . . Parts Restored . | . . . . . . Kills | -11 -10 -10 -9 -9 -8 ------- Run | Yrd Mat Min Mat Min Mat Combat Hostiles Destroyed 34 | . 4 4 11 . 15 Guns 12 | . . . 1 . 11 Cannons 2 | . . 1 . . 1 AOE 19 | . 4 3 9 . 3 Classes Destroyed 10 | . 6 . 3 . 1 Worker 1 | . . . 1 . . Builder 6 | . 1 . 3 . 2 Recycler 2 | . 1 . 1 . . Mechanic 1 | . 1 . . . . Operator 1 | . 1 . . . . Watcher 4 | . 2 . 2 . . Swarmer 4 | . . . 4 . . Grunt 26 | . 4 4 5 . 13 Brawler 1 | . . . . . 1 Sentry 3 | . . . 2 . 1 Best Kill Streak 9 | . 5 4 7 . 9 Combat Bots Only 7 | . 2 4 4 . 7 Max Kills in Single Turn 4 | . 2 1 4 . 3 Gunslinging . | . . . . . . Exploded 3 | . 2 1 3 . 2 Melee . | . . . . . . Uniques/NPCs Destroyed . | . . . . . . Combat | -11 -10 -10 -9 -9 -8 -------- Run | Yrd Mat Min Mat Min Mat Hostile Shots Fired 258 | . 8 28 83 13 126 Missed 76 | . 3 8 22 9 34 Hits 182 | . 5 20 61 4 92 Melee 2 | . . . . . 2 Projectile 180 | . 5 20 61 4 90 Critical Strikes 11 | . . 1 4 . 6 Damage Taken 2966 | . 95 295 916 40 1620 Core 842 | . 39 31 164 22 586 Absorbed by Shields . | . . . . . . Core Remaining (%) 75 | 100 . 72 . 53 . Volleys Fired 102 | . 15 12 22 . 53 Largest 2 | . 2 2 2 . 2 Hottest 130 | . 50 60 53 . 130 Shots Fired 165 | . 23 18 44 . 80 Gun 109 | . 15 . 22 . 72 Cannon 20 | . . 12 . . 8 Launcher 36 | . 8 6 22 . . Special . | . . . . . . Kinetic 49 | . 15 12 22 . . Thermal 54 | . . . . . 54 Explosive 30 | . 8 6 16 . . Electromagnetic 32 | . . . 6 . 26 Robot Hit Streak 7 | . 2 7 5 . 7 Robot Miss Streak 5 | . 4 3 5 . 3 Penetration Max . | . . . . . . Secondary Targets 1 | . . . . . 1 Max Gunslinging Chain 1 | . . . . . 1 Shots Hit Robots 98 | . 6 11 24 . 57 Core Hits 89 | . 16 9 26 . 38 Critical Kills . | . . . . . . Critical Parts Destroyed . | . . . . . . Critical Strikes 1 | . . 1 . . . Blast 1 | . . 1 . . . Melee Attacks . | . . . . . . Impact . | . . . . . . Slashing . | . . . . . . Piercing . | . . . . . . Sneak Attacks . | . . . . . . Combat Hostiles . | . . . . . . Follow-up Attacks . | . . . . . . Damage Inflicted 3503 | . 595 478 1180 . 1250 Guns 940 | . 51 . 119 . 770 Cannons 306 | . . 131 . . 175 Explosions 2249 | . 544 344 1057 . 304 Melee . | . . . . . . Ramming 8 | . . 3 4 . 1 Kinetic 301 | . 51 131 119 . . Thermal 954 | . . . . . 954 Explosive 1741 | . 544 344 853 . . Electromagnetic 499 | . . . 204 . 295 Impact . | . . . . . . Slashing . | . . . . . . Piercing . | . . . . . . Highest Corruption 2 | . . 2 . . 1 Average Corruption 1 | . . 2 . . 1 Corruption Purged . | . . . . . . Corruption Blocked . | . . . . . . Effects 4 | . . 1 . . 3 Message Errors 1 | . . . . . 1 Matter Fused 1 | . . . . . 1 Heat Flow Errors 1 | . . . . . 1 Energy Discharges 1 | . . 1 . . . Overload Shots . | . . . . . . Overflow Damage 59 | . 8 . 51 . . Projectiles . | . . . . . . Explosions 59 | . 8 . 51 . . Melee . | . . . . . . Knockbacks 2 | . . 2 . . . Impact . | . . . . . . Kinetic 2 | . . 2 . . . Secondary . | . . . . . . Self-Inflicted Damage 270 | . 28 23 183 . 36 Shots 13 | . 1 1 10 . 1 Rammed 1 | . . . . . 1 Targets Rammed 2 | . . . 1 . 1 Kicked 1 | . . . 1 . . Crushed . | . . . . . . Highest Temperature 703 | . 19 120 20 . 703 Average Temperature 129 | . 8 61 6 . 153 Received Heat Transfer 1416 | . 36 177 327 12 864 Effects 6 | . . . . . 6 Shutdowns 2 | . . . . . 2 Matter Decay 1 | . . . . . 1 Damage (minor) 2 | . . . . . 2 Damage (core) 1 | . . . . . 1 Siege Activations . | . . . . . . Martial Activations . | . . . . . . Shielding Activations . | . . . . . . Robots Disrupted . | . . . . . . Combat Hostiles . | . . . . . . Robots Corrupted 1 | . . . 1 . . Combat Hostiles 1 | . . . 1 . . Parts Fried 3 | . . . 2 . 1 Impact Corruptions . | . . . . . . Robots Melted . | . . . . . . Combat Hostiles . | . . . . . . Parts Melted . | . . . . . . Heat Transferred 1719 | . . . . . 1719 Parts Sabotaged . | . . . . . . Parts Stolen . | . . . . . . Parts Stripped . | . . . . . . Power Chain Reactions 2 | . . . . . 2 Alert | -11 -10 -10 -9 -9 -8 ------- Run | Yrd Mat Min Mat Min Mat Maximum Alert Level 1 | . . . 1 . . Low Security (%) 96 | 100 100 100 90 100 100 Level 1 3 | . . . 10 . . Level 2 . | . . . . . . Level 3 . | . . . . . . Level 4 . | . . . . . . Level 5 . | . . . . . . High Security . | . . . . . . Max Security . | . . . . . . Peak Influence 256 | . 145 154 256 68 133 Initial 68 | . . 30 . 68 18 Average 68 | . 81 25 113 57 68 Influence Increases 1464 | . 188 134 676 . 466 Destroy 0b10 Robot/C 800 | . 80 80 340 . 300 Destroy 0b10 Robot/NC 80 | . 30 . 40 . 10 Destroy Leader 200 | . 14 20 96 . 70 Allied During Kill 31 | . . . 31 . . Successful Hack 40 | . 13 . 10 . 17 Disable Machine 75 | . 15 15 30 . 15 Destroy Structure 163 | . 36 19 99 . 9 Lose Combat Pursuer 75 | . . . 30 . 45 Influence Decreases 1363 | . 110 212 500 128 413 Entered New Map 186 | . . 48 . 108 30 Time Decay 870 | . 110 164 350 . 246 Lost Part 247 | . . . 90 20 137 Lost Ally 60 | . . . 60 . . Squads Dispatched 10 | . 1 . 4 . 5 Investigation 4 | . 1 . 1 . 2 Extermination . | . . . . . . Reinforcement 3 | . . . 3 . . Assault . | . . . . . . Garrison 3 | . . . . . 3 Intercept . | . . . . . . Searches Triggered . | . . . . . . Construction Impeded 2 | . . . 2 . . Haulers Reinforced . | . . . . . . Active Scanning Responses . | . . . . . . Cargo Convoy Interrupts . | . . . . . . Stealth | -11 -10 -10 -9 -9 -8 --------- Run | Yrd Mat Min Mat Min Mat Distress Signals 3 | . 2 . . . 1 Communications Jammed . | . . . . . . Distress Signals . | . . . . . . Times Spotted 66 | . 9 4 25 8 20 Peak Tracking Total 7 | . 3 4 4 7 5 Tactical Retreats 3 | . . . 2 . 1 Traps | -11 -10 -10 -9 -9 -8 ------- Run | Yrd Mat Min Mat Min Mat Traps Triggered 5 | . 1 . 1 . 3 Indirectly 1 | . . . 1 . . Trap Hack Attempts . | . . . . . . Triggered . | . . . . . . Disarmed . | . . . . . . Reprogrammed . | . . . . . . Reused . | . . . . . . Traps Extracted . | . . . . . . Installed . | . . . . . . Triggered . | . . . . . . Machines | -11 -10 -10 -9 -9 -8 ---------- Run | Yrd Mat Min Mat Min Mat Machines Disabled 5 | . 1 1 2 . 1 Max in Single Turn 1 | . 1 1 1 . 1 Machines Repaired . | . . . . . . Machines Dismantled . | . . . . . . Machines Sabotaged . | . . . . . . Overloaded Fab Kills . | . . . . . . Hacking | -11 -10 -10 -9 -9 -8 --------- Run | Yrd Mat Min Mat Min Mat Machines Accessed 10 | . 3 1 2 . 4 Terminals 6 | . 2 . 1 . 3 Fabricators . | . . . . . . Repair Stations 1 | . 1 . . . . Recycling Units 1 | . . . 1 . . Scanalyzers 1 | . . . . . 1 Garrison Access . | . . . . . . Total Hacks 25 | . 6 1 4 . 14 Successful 11 | . 4 1 3 . 3 Failed 14 | . 2 . 1 . 11 Catastrophic 3 | . 1 . . . 2 Database Lockouts . | . . . . . . Manual 1 | . . 1 . . . Terminals 21 | . 5 . 3 . 13 Fabricators . | . . . . . . Repair Stations 1 | . 1 . . . . Recycling Units 1 | . . . 1 . . Scanalyzers 1 | . . . . . 1 Garrison Access . | . . . . . . Terminal Hacks 8 | . 3 1 2 . 2 Record 2 | . 2 . . . . Prototype ID Bank 1 | . . . 1 . . Open Door 1 | . . 1 . . . Recall Investigation 1 | . 1 . . . . Zone Layout 3 | . . . 1 . 2 Fabricator Hacks . | . . . . . . Repair Station Hacks 1 | . 1 . . . . Refit 1 | . 1 . . . . Recycling Unit Hacks 1 | . . . 1 . . Report Inventory 1 | . . . 1 . . Scanalyzer 1 | . . . . . 1 Retrieve Study 1 | . . . . . 1 Garrison Access Hacks . | . . . . . . Unauthorized Hacks . | . . . . . . Terminals . | . . . . . . Fabricators . | . . . . . . Repair Stations . | . . . . . . Recycling Units . | . . . . . . Scanalyzers . | . . . . . . Garrison Access . | . . . . . . Data Cores Recovered 1 | . 1 . . . . Used . | . . . . . . Hacking Detections 7 | . 2 . 2 . 3 Full Trace Events 2 | . . . . . 2 Feedback Events . | . . . . . . Feedback Blocked . | . . . . . . Robot Schematics Acquired . | . . . . . . Robots Built . | . . . . . . Authchips . | . . . . . . Time . | . . . . . . Total Robot Build Rating . | . . . . . . Part Schematics Acquired . | . . . . . . Parts Built . | . . . . . . Authchips . | . . . . . . Time . | . . . . . . Total Part Build Rating . | . . . . . . Part Studies Acquired 1 | . . . . . 1 Parts Repaired . | . . . . . . Time . | . . . . . . Parts Recycled . | . . . . . . Recycled Matter . | . . . . . . Retrieved Matter . | . . . . . . Retrieved Components . | . . . . . . Parts Scanalyzed . | . . . . . . Part Schematics Acquired . | . . . . . . Parts Damaged . | . . . . . . Bothacking | -11 -10 -10 -9 -9 -8 ------------ Run | Yrd Mat Min Mat Min Mat Used RIF Installer . | . . . . . . Robots Hacked . | . . . . . . Non-combat . | . . . . . . Combat . | . . . . . . Robot Hacks Applied . | . . . . . . Relay Couplers Released . | . . . . . . Fabnet Peak Effective % . | . . . . . . Robots Rewired . | . . . . . . Allies Hacked . | . . . . . . Hacks Repelled . | . . . . . . Allies | -11 -10 -10 -9 -9 -8 -------- Run | Yrd Mat Min Mat Min Mat Total Allies 4 | . . 4 . . . Largest Group 4 | . . 4 4 . . Highest-Rated Group 71 | . . 71 71 . . Highest-Rated Ally 31 | . . 31 31 . . Total Orders . | . . . . . . Ally Attacks 34 | . . . 34 . . Total Damage 329 | . . . 329 . . Kills 7 | . . . 7 . . Allies Corrupted . | . . . . . . Allies Melted . | . . . . . . Intel | -11 -10 -10 -9 -9 -8 ------- Run | Yrd Mat Min Mat Min Mat Active Infowar (turns) . | . . . . . . Robot Analysis Total . | . . . . . . Derelict Logs Recovered 1 | . . 1 . . . Drone Launches . | . . . . . . Drone Recoveries . | . . . . . . Exploration | -11 -10 -10 -9 -9 -8 ------------- Run | Yrd Mat Min Mat Min Mat Turns Passed 2951 | 62 263 1027 980 15 604 Spaces Moved 1530 | 47 183 627 401 30 242 Core 103 | 16 . . 7 . 80 Treads . | . . . . . . Legs 1250 | 31 183 627 394 . 15 Wheels . | . . . . . . Hover . | . . . . . . Flight 177 | . . . . 30 147 Fastest Speed 31 | 50 120 120 190 37 31 Average Speed 157 | 101 120 157 191 44 154 Slowest Speed 400 | 120 120 190 400 110 400 Overloaded Moves . | . . . . . . Propulsion Burnouts . | . . . . . . Robots Hopped 1 | . . . . 1 . Potential Cave-ins . | . . . . . . Cave-ins Triggered . | . . . . . . Exploration Rate (%) 31 | 3 34 95 38 4 17 Regions Visited 5 Branch Regions 2 Pre-discovered Areas . | . . . . . . Known Exits Taken . | . . . . . . Unknown Exits Taken 5 | 1 1 1 1 1 . Scrap Searched 1 | . . 1 . . . Spaces Dug . | . . . . . . Terrain Destroyed 181 | . 41 28 106 . 6 Melee . | . . . . . . Projectile . | . . . . . . AOE 181 | . 41 28 106 . 6 Terrain Rammed 1 | . . 1 . . . Walls Destroyed . | . . . . . . Machines Disabled . | . . . . . . Actions | -11 -10 -10 -9 -9 -8 --------- Run | Yrd Mat Min Mat Min Mat Total 1916 | 62 207 652 569 30 396 Wait 185 | . . . 129 . 56 Move 1523 | 46 182 626 400 27 242 Hop 1 | . . . . 1 . Pick Up 49 | 9 6 4 9 . 21 Fast Attach . | . . . . . . Attach 40 | 6 2 4 5 2 21 Detach 1 | . . 1 . . . Swap . | . . . . . . Drop 12 | 1 2 4 3 . 2 Fire 102 | . 15 12 22 . 53 Melee . | . . . . . . Ram 2 | . . 1 . . 1 Kick 1 | . . . 1 . . Crush . | . . . . . . Escape Stasis . | . . . . . . Rewire . | . . . . . . Trap . | . . . . . . Miscellaneous . | . . . . . . Route ------- -11/Scrapyard -10/Materials -10/Mines (discovered 2 exits: *Mat x2) -9/Materials -9/Mines -8/Materials (discovered 1 exit: Sto) History --------- Turn | Location | Event 24 | -11/Scrapyard | Discovered new exit (range 16) 63 | -11/Scrapyard | Entered Materials 268 | -10/Materials | Discovered new exit (range 12) 303 | -10/Materials | Build established: Mutant 326 | -10/Materials | Entered Mines 413 | -10/Mines | Assisted by bots powering up and referring to "LRC-V3" 685 | -10/Mines | Discovered new exit (range 5) 702 | -10/Mines | Found the Drone Emporium 708 | -10/Mines | Found Prototype Device 710 | -10/Mines | Identified Splice Drone Bay 896 | -10/Mines | YI-UF0 nonchalantly dropped a Grenade Launcher on the ground 1267 | -10/Mines | Received a Mining Laser from a helpful Derelict 1268 | -10/Mines | Discovered new exit (range 9) 1353 | -10/Mines | Entered Materials 1353 | -9/Materials | Accompanied by 4 allies 1353 | -9/Materials | Evolved 2 slots: Power x1, Utility x1 2294 | -9/Materials | Discovered new exit (range 10) 2333 | -9/Materials | Entered Mines 2334 | -9/Mines | Assembled infested the area 2335 | -9/Mines | Met a Derelict bent on vengeance 2347 | -9/Mines | Discovered new exit (range 3) 2348 | -9/Mines | Entered Materials 2348 | -8/Materials | Evolved 2 slots: Propulsion x2 2349 | -8/Materials | Identified exit to Storage 2377 | -8/Materials | Lost 7 parts (1p2n2u2w) 2552 | -8/Materials | Garrison activated, responded to threat 2600 | -8/Materials | Core integrity fell below 50% 2627 | -8/Materials | Destroyed 7 combat bots 2627 | -8/Materials | Lost 7 parts (1p2n1u3w) 2943 | -8/Materials | Core integrity fell below 20% 2953 | -8/Materials | Core destroyed Last Messages --------------- 02848_ Acquired 10 matter. 02857_ GLG64UM& K1,1, JEJ|UROM2LOTYE# 02860_ W-25 Informer sends out distress signal. 02897_ Acquired Aluminum Leg. 02906_ Acquired 20 matter. 02913_ System corrupted: Matter fused (-8). 02913_ Acquired 8 matter. 02920_ Critical hit (Burn: +37). 02937_ G-47 Trooper destroyed. 02937_ Switching to secondary target: G-50 Soldier. 02942_ System corrupted: Heat flow error (+181). 02943_ Power failure, Nuclear Core shutdown. 02946_ Overheating: Matter decay (-54). 02948_ Nuclear Core destroyed. 02949_ Power failure, Lgt. Nuclear Core shutdown. 02949_ R-06 Scavenger collects Imp. Heat Sink. 02950_ Aluminum Leg destroyed. 02953_ Overheating: Core damaged (-110). Map ----- +----------------------------------------------------+ | ???????????????????????????????? | | ???????????????????????????????? | | ???????????????????????????????? | | ???????????????????????????????? | | ???????????????????????????????? | | ??????????????????????? ???????? | | ??????????????????????? ???????? | | ??????????????????????? ???????? | | ??????????????????????? ???????? | | ??????????????????????? ???????? | | ??????????????????????? ???????? | | ??????????????????????? ???????? | | ??????????????????????# #??????? | | ??????????????????????# #??????? | | ??????????????????????# #??????? | | ??????????????????????# ######## | | ??????????????????????# # # | | ??????????????????????# # # | | ????????????????####### # # | | ????????????????+ + # | | ????????????????####### # # | | ??????????????????????# # # | | ??????????????????????# ##+####? | | ??????????????????????# ##%#???? | | ??????????????????????# ##;##### | | ????????? ############# #@ !# | | ???????? #=[ # | | ???????? = ^ #gg [[[# | | ???????? +%r [# | | ????????? """"" """"" # [[ # | | ??????????""""" """"" # # | | ??????? """"" """"" ######## | | ??????? #??????? | | ?????? #??????? | | ?????? #??????? | | ????????# #??????? | | ????????# % #??????? | | ????????# ###????? | | ????????# #????? | | ????????# #### #????? | | ????????#######+#???# #????? | | ????????????????????# #????? | | ????????????""" """ # #????? | | ????????????""" """ ## ####### | | ???????????? ## # # | | ???????????? ## + # | | ????????????####### ## %# # | | ???????????? #??##### # """ # | | ???????????? #??#!! # """ # | | ???????????? #??#!! # """ # | +----------------------------------------------------+ Best States ------------- Heat Dissipation 31 Energy Generation 23 Energy Capacity 300 Matter Stores 300 Matter Capacity 300 Sight Range 16 Terrain Scan Density 10 Armor Coverage 150 Evasion (%) 63 Energy Filtering 30 Item Schematics ----------------- None Robot Schematics ------------------ None Fabricated ------------ Nothing Repaired ---------- Nothing Studied --------- Flight Unit | -8/Materials | Hacked Alien Tech Used ----------------- None Achievements -------------- None Challenges ------------ None Game ------ Seed OpticalNeutrinoReplicator Manual? 0 Play Time 00:24:21 Cumulative 15.7 hours Start 2025.10.25 @ 13:50:50 End 2025.10.25 @ 14:09:53 Sessions 1 Manual Loads 0 Difficulty Rogue Special Mode None Game No. 37 Rogue 37 Adventurer 0 Explorer 0 Win Type - Total 0 Types 0/0/0/0/0/0/0/0/0/0 Lore% 9 Gallery% 19 Achievement% 14 Wizard Run 0 Options --------- Layout 1 ASCII 0 Keyboard 0 Movement Arrows Keybinds 0 Fullscreen 1 Font 24/Smallcaps Map View 50x35 Zoom Use 0% Tactical HUD 1 Map Filters NONE Filters NONE Steam 1 RUN: b233f476-a2f3-405b-8756-b29d5ca97bbc